[Event "Titled Tuesday Blitz October 5 2021"]
[White "Moroni, Luca Jr"]
[Black "Csonka, Balazs"]
[WhiteFideId "865834"]
[BlackFideId "742910"]
[WhiteElo "2491"]
[BlackElo "2404"]
[Result "0-1"]
[Round "10"]
[TimeControl "180+1"]
[Date "2021.10.05"]
[WhiteClock "0:00:33"]
[BlackClock "0:00:04"]

1. d4 e6 2. c4 Nf6 3. Nc3 d5 4. cxd5 Nxd5 5. e4 Nxc3 6. bxc3 c5 7. Nf3 cxd4 8. cxd4 Bb4+ 9. Bd2 Bxd2+ 10. Qxd2 O-O 11. Rc1 Nc6 12. Bc4 Na5 13. Bd3 b6 14. e5 Bb7 15. Ng5 h6 16. Nh7 Qxd4 17. Nxf8 Qxe5+ 18. Qe2 Qg5 19. Qe3 Qxg2 20. Ke2 Qg4+ 21. f3 Qg2+ 22. Qf2 Bxf3+ 23. Ke3 Qxf2+ 24. Kxf2 Bxh1 25. Nd7 Bd5 26. a3 Nc6 27. Bb5 Rd8 28. Rxc6 Bxc6 29. Bxc6 f6 30. a4 Kf7 31. a5 bxa5 32. Ba4 Ke7 33. Nc5 Rd5 34. Nb3 f5 35. Bc6 Re5 36. h4 g5 37. h5 g4 38. Nd4 Rc5 39. Kg3 a4 40. Bxa4 Rc4 41. Nc6+ Kd6 42. Nd8 Rxa4 43. Nf7+ Ke7 44. Nxh6 Ra3+ 45. Kf4 Rh3 46. Kg5 g3 47. Ng8+ Kf7 48. Nh6+ Kg7 0-1


[Site "https://www.chess.com"]

[Event "Titled Tuesday Blitz October 5 2021"]
[White "Mujumdar, Sameer"]
[Black "Bazarov, Konstantin"]
[WhiteFideId "2029707"]
[BlackFideId "4137000"]
[WhiteElo "2104"]
[BlackElo "2084"]
[Result "0-1"]
[Round "10"]
[TimeControl "180+1"]
[Date "2021.10.05"]
[WhiteClock "0:00:49"]
[BlackClock "0:01:21"]

1. d4 Nf6 2. c4 b6 3. Nc3 Bb7 4. Bg5 e6 5. e4 h6 6. Bxf6 Qxf6 7. Nf3 Bb4 8. Bd3 Bxc3+ 9. bxc3 d6 10. O-O Nd7 11. a4 a5 12. Qe2 e5 13. d5 Nc5 14. Nd2 O-O 15. g3 Bc8 16. f4 Bd7 17. f5 Nxa4 18. Rxa4 Bxa4 19. Nf3 Bd7 20. g4 g5 21. h4 Kg7 22. Qe3 Rh8 23. Kg2 Kf8 24. Bc2 Ke7 25. Rh1 gxh4 26. Rxh4 a4 27. Rh5 a3 0-1


[Site "https://www.chess.com"]

[Event "Titled Tuesday Blitz October 5 2021"]
[White "Nakamura, Hikaru"]
[Black "Le, Tuan Minh"]
[WhiteFideId "2016192"]
[BlackFideId "12401153"]
[WhiteElo "2884"]
[BlackElo "2450"]
[Result "1/2-1/2"]
[Round "10"]
[TimeControl "180+1"]
[Date "2021.10.05"]
[WhiteClock "0:00:03"]
[BlackClock "0:00:12"]

1. e4 c5 2. Nc3 Nc6 3. Nf3 e5 4. Bc4 Be7 5. d3 d6 6. Nd2 Nf6 7. Nf1 Bg4 8. Qd2 O-O 9. Ne3 Be6 10. Ncd5 a6 11. a3 b5 12. Ba2 Nd7 13. Nf5 Bxf5 14. exf5 Nd4 15. O-O Nf6 16. Ne3 d5 17. c3 Nc6 18. Qd1 Qd7 19. c4 d4 20. Nd5 Nxd5 21. cxd5 Na5 22. Qe1 Nb7 23. Qxe5 Rfe8 24. Qf4 Bf6 25. Qf3 Nd6 26. g4 c4 27. Bf4 Be5 28. Bd2 Rac8 29. Bb4 cxd3 30. Qxd3 Nc4 31. Rab1 a5 32. Bd2 Qxd5 33. Bxa5 h5 34. h3 hxg4 35. hxg4 Bb8 36. Bb4 Qe5 37. Qh3 Qf4 38. Rbe1 d3 39. Bxc4 bxc4 40. Kg2 Re4 41. Rxe4 Qxe4+ 42. Qf3 Qe5 43. Rh1 f6 44. Bc3 Qc5 45. Qe4 Qc6 46. Qxc6 Rxc6 47. Kf3 Be5 48. Ke4 Bxc3 49. bxc3 Rd6 50. Rd1 Kf7 51. Ke3 Ke7 52. a4 Kd7 53. Rb1 Kc7 54. Kd2 Rb6 55. Rb4 Rxb4 56. cxb4 Kc6 57. Kc3 Kb6 58. f3 Kc6 59. Kd2 Kb6 60. Kc3 Kc6 61. Kd2 Kd5 62. Kc3 Kd6 63. a5 Kc6 64. a6 Kb6 65. b5 Ka7 66. Kd2 Kb6 67. Kc3 Ka7 68. f4 Kb6 69. Kd2 Ka7 70. Ke3 Kb6 71. g5 Ka7 72. Kd2 Kb6 73. Kc3 Ka7 74. Kd2 Kb6 75. Kc3 Ka7 76. Kd2 1/2-1/2


[Site "https://www.chess.com"]

[Event "Titled Tuesday Blitz October 5 2021"]
[White "Nenezic, Marko"]
[Black "Kubicka, Anna"]
[WhiteFideId "912123"]
[BlackFideId "1152254"]
[WhiteElo "2484"]
[BlackElo "1903"]
[Result "1-0"]
[Round "10"]
[TimeControl "180+1"]
[Date "2021.10.05"]
[WhiteClock "0:01:21"]
[BlackClock "0:00:54"]

1. d4 Nf6 2. c4 c5 3. d5 b5 4. cxb5 a6 5. bxa6 e6 6. Nc3 exd5 7. Nxd5 Be7 8. e3 O-O 9. Nf3 Nc6 10. Nxe7+ Qxe7 11. Be2 Bxa6 12. Bxa6 Rxa6 13. O-O d5 14. a3 Rb8 15. Qc2 Ne4 16. Rd1 Qe6 17. Rb1 Rab6 18. Nd2 Nxd2 19. Bxd2 c4 20. Bc3 Ne5 21. Bxe5 Qxe5 22. Rd4 h6 23. g3 Rb3 24. h4 c3 25. Rb4 R8xb4 26. axb4 Rxb2 27. Rxb2 cxb2 28. b5 d4 29. Qxb2 Kf8 30. exd4 Qe1+ 31. Kh2 g5 32. hxg5 hxg5 33. b6 Qe8 34. b7 Qb8 35. Qb5 f6 36. Qc5+ Kg7 37. Qc8 1-0


[Site "https://www.chess.com"]

[Event "Titled Tuesday Blitz October 5 2021"]
[White "Noboa Silva, Kevin"]
[Black "adjorno"]
[WhiteFideId "3618471"]
[WhiteElo "2161"]
[BlackElo "2416"]
[Result "1-0"]
[Round "10"]
[TimeControl "180+1"]
[Date "2021.10.05"]
[WhiteClock "0:00:37"]
[BlackClock "0:02:24"]

1. e4 c6 2. d4 d5 3. f3 e6 4. c3 dxe4 5. Be3 Nf6 6. Nd2 Nd5 7. Qe2 Nxe3 8. Qxe3 exf3 9. Ngxf3 Be7 10. Bd3 Nd7 11. O-O Nf6 12. Ne5 Qc7 13. Rf3 b6 14. Re1 Bb7 15. Nxf7 Kxf7 16. Qxe6+ Kf8 17. Bc4 Ke8 18. Qf7+ Kd8 19. Qxg7 Rf8 20. Bf7 Nd7 21. Rxe7 Kxe7 22. Qg5+ Kd6 23. Nc4# 1-0


[Site "https://www.chess.com"]

[Event "Titled Tuesday Blitz October 5 2021"]
[White "Novik, Maxim"]
[Black "Royal, Shreyas"]
[WhiteFideId "4102924"]
[BlackFideId "448869"]
[WhiteElo "2316"]
[BlackElo "1931"]
[Result "0-1"]
[Round "10"]
[TimeControl "180+1"]
[Date "2021.10.05"]
[WhiteClock "0:00:35"]
[BlackClock "0:00:18"]

1. d4 Nf6 2. c4 e6 3. Nc3 d5 4. cxd5 exd5 5. Bg5 Be7 6. e3 c6 7. Bd3 Nbd7 8. Nf3 Ne4 9. Bxe7 Qxe7 10. Qc2 Ndf6 11. Ne5 Nxc3 12. bxc3 Ng4 13. Nxg4 Bxg4 14. O-O h6 15. f3 Be6 16. e4 O-O 17. e5 c5 18. f4 cxd4 19. cxd4 Rac8 20. Qd2 f5 21. Rac1 Qa3 22. h3 Qa4 23. Bb1 b5 24. Kh2 Rc4 25. Rxc4 bxc4 26. g4 Rb8 27. gxf5 Qa3 28. Qg2 Rb2 29. Rf2 Rxf2 30. Qxf2 Bd7 31. f6 Qxh3+ 32. Kg1 gxf6 33. Qg2+ Qxg2+ 34. Kxg2 fxe5 35. dxe5 d4 36. Kf3 Kf7 37. f5 Bc6+ 38. Kf4 d3 39. Ke3 h5 40. a3 h4 41. Ba2 Bd5 0-1


[Site "https://www.chess.com"]

[Event "Titled Tuesday Blitz October 5 2021"]
[White "Ogloblin, Nikolay"]
[Black "Zaitsev, Alexander"]
[WhiteFideId "4139658"]
[BlackFideId "4164490"]
[WhiteElo "2261"]
[BlackElo "2317"]
[Result "0-1"]
[Round "10"]
[TimeControl "180+1"]
[Date "2021.10.05"]
[WhiteClock "0:01:22"]
[BlackClock "0:00:12"]

1. d4 Nf6 2. Nf3 e6 3. c4 Bb4+ 4. Nbd2 O-O 5. g3 d5 6. Qc2 dxc4 7. Qxc4 a5 8. Bg2 b6 9. a3 Ba6 10. Qc2 Be7 11. Nc4 c5 12. dxc5 Bxc5 13. O-O Nbd7 14. Rd1 Rc8 15. Nfe5 Bxc4 16. Nxd7 Nxd7 17. Qd2 Nf6 18. Qe1 Qe7 19. h3 Rfd8 20. Bg5 h6 21. Bf4 e5 22. Bd2 e4 23. Bc3 e3 24. f4 Ne4 25. Be5 Nf2 26. Rxd8+ Rxd8 27. Qc3 Bxe2 28. Bxg7 Rd3 29. Qe5 Qxe5 30. Bxe5 Rd1+ 31. Rxd1 Nxd1 32. Be4 Bc4 33. b4 e2+ 34. Kh2 e1=Q 35. bxc5 Qf2+ 36. Bg2 Bd5 37. h4 Qxg2# 0-1


[Site "https://www.chess.com"]

[Event "Titled Tuesday Blitz October 5 2021"]
[White "Onyshchuk, Volodymyr"]
[Black "Korobov, Anton"]
[WhiteFideId "14114038"]
[BlackFideId "14105730"]
[WhiteElo "2603"]
[BlackElo "2718"]
[Result "0-1"]
[Round "10"]
[TimeControl "180+1"]
[Date "2021.10.05"]
[WhiteClock "0:00:01"]
[BlackClock "0:00:17"]

1. Nf3 d5 2. g3 Bg4 3. Bg2 Nd7 4. O-O e6 5. d3 Bd6 6. Nbd2 Ne7 7. h3 Bh5 8. e4 c6 9. Qe1 O-O 10. b3 a5 11. a3 a4 12. b4 c5 13. e5 Bc7 14. bxc5 Nxc5 15. Nd4 Nc6 16. Nxc6 bxc6 17. f4 f5 18. Kh2 Ba5 19. Bb2 Rb8 20. Bd4 Nd7 21. Qc1 c5 22. Bf2 Bc3 23. Rb1 Qa5 24. Rxb8 Rxb8 25. Nb1 Bb2 26. Qe1 Qxe1 27. Rxe1 c4 28. dxc4 dxc4 29. Nd2 Bc3 30. Be3 Nc5 31. Rc1 Bb2 32. Rb1 c3 33. Nc4 Ne4 34. Bxe4 fxe4 35. Kg2 Be2 36. Nd6 Bd3 37. cxd3 exd3 38. Ne4 c2 39. Rf1 Bxa3 40. Kf3 Bb2 41. Nf2 Rb3 42. Ke4 a3 43. Nxd3 a2 44. Nxb2 Rxb2 45. Ra1 Rb3 46. Bd2 Rb2 0-1


[Site "https://www.chess.com"]

[Event "Titled Tuesday Blitz October 5 2021"]
[White "Oparin, Grigoriy"]
[Black "Indjic, Aleksandar"]
[WhiteFideId "24125890"]
[BlackFideId "911925"]
[WhiteElo "2604"]
[BlackElo "2643"]
[Result "0-1"]
[Round "10"]
[TimeControl "180+1"]
[Date "2021.10.05"]
[WhiteClock "0:00:01"]
[BlackClock "0:00:13"]

1. Nf3 g6 2. g3 Bg7 3. d4 d6 4. Bg2 Nd7 5. c4 e5 6. Nc3 Nh6 7. O-O O-O 8. e4 f6 9. h3 Nf7 10. Be3 c6 11. Qc2 Qe7 12. Rad1 a5 13. Rfe1 Ng5 14. Nxg5 fxg5 15. c5 exd4 16. cxd6 Qxd6 17. e5 Nxe5 18. Bxd4 Nf3+ 19. Bxf3 Bxd4 20. Ne4 Qe5 21. Qc4+ Kg7 22. Qxd4 Qxd4 23. Rxd4 Rxf3 24. Nxg5 Rf8 25. Re7+ Kf6 26. Rxh7 Kxg5 27. g4 Be6 28. Re4 Bd5 29. h4+ Kf6 30. Ree7 Rae8 31. Rxb7 Ke5 32. h5 Kf4 33. Rhe7 g5 34. h6 Kxg4 35. h7 Rh8 36. b3 Rxh7 0-1


[Site "https://www.chess.com"]

[Event "Titled Tuesday Blitz October 5 2021"]
[White "Paltrinieri, Nicholas"]
[Black "Sychev, Klementy"]
[WhiteFideId "828262"]
[BlackFideId "4114060"]
[WhiteElo "2254"]
[BlackElo "2615"]
[Result "0-1"]
[Round "10"]
[TimeControl "180+1"]
[Date "2021.10.05"]
[WhiteClock "0:00:01"]
[BlackClock "0:00:33"]

1. d4 f5 2. Bg5 g6 3. Nd2 Bg7 4. Ngf3 Nf6 5. Bxf6 Bxf6 6. e4 e6 7. Bd3 O-O 8. Qe2 d5 9. e5 Be7 10. h4 c5 11. c3 Nc6 12. a3 Qb6 13. dxc5 Qxb2 14. O-O Qxc3 15. Rfc1 Qa5 16. Bb5 Bd7 17. Nb3 Qd8 18. h5 gxh5 19. Bxc6 bxc6 20. Rab1 Kh8 21. Nfd4 Rg8 22. Qxh5 Rg5 23. Qh2 Qc7 24. Rc3 Rag8 25. Re1 Rxg2+ 26. Qxg2 Rxg2+ 27. Kxg2 Qd8 28. Rh1 Bg5 29. Rch3 h6 30. Nf3 Kh7 31. Nbd4 Qe7 32. Rh5 Bf4 33. R1h4 Be8 34. Nxf5 exf5 35. Rxf5 Bc1 36. Rf6 Bg6 37. Rg4 Be4 38. Kg3 Bxf3 39. Rxf3 Qxe5+ 40. Kg2 Bg5 41. Rf7+ Kg6 42. Rxa7 d4 43. Ra6 Qd5+ 44. Kh2 d3 45. Rg1 d2 46. Ra4 d1=Q 47. Rxd1 Qxd1 48. Re4 Qf3 49. Re6+ Kh5 50. Rxh6+ Kxh6 0-1


[Site "https://www.chess.com"]

[Event "Titled Tuesday Blitz October 5 2021"]
[White "Papasimakopoulos, Alexandros"]
[Black "Gubajdullin, Alexei"]
[WhiteFideId "4244125"]
[BlackFideId "4141202"]
[WhiteElo "2352"]
[BlackElo "2268"]
[Result "0-1"]
[Round "10"]
[TimeControl "180+1"]
[Date "2021.10.05"]
[WhiteClock "0:02:17"]
[BlackClock "0:01:56"]

1. d4 Nf6 2. c4 g6 3. Nc3 Bg7 4. e4 O-O 5. f3 d6 6. Nge2 Nc6 7. Be3 a6 8. Qd2 Rb8 9. Rc1 Re8 10. g3 h5 11. h4 Nd7 12. Bg2 b5 13. cxb5 axb5 14. Nxb5 Rxb5 15. Rxc6 Nc5 16. Nc3 Rxb2 17. dxc5 Rxd2 18. Kxd2 Bb7 19. cxd6 Bxc6 0-1


[Site "https://www.chess.com"]

[Event "Titled Tuesday Blitz October 5 2021"]
[White "Petesch, Gabriel"]
[Black "Deuer, Marius"]
[WhiteFideId "2032465"]
[BlackFideId "16236432"]
[WhiteElo "2374"]
[BlackElo "2091"]
[Result "1-0"]
[Round "10"]
[TimeControl "180+1"]
[Date "2021.10.05"]
[WhiteClock "0:00:05"]
[BlackClock "0:00:50"]

1. Nf3 b6 2. b3 Bb7 3. Bb2 Bxf3 4. exf3 Nc6 5. d4 e6 6. Bd3 Nf6 7. c4 Bb4+ 8. Nd2 O-O 9. O-O d5 10. Rc1 dxc4 11. Rxc4 Qd7 12. Qc2 Bxd2 13. Rxc6 Bf4 14. d5 Nxd5 15. Bxh7+ Kh8 16. Be4 Nb4 17. Qc3 f5 18. Qxb4 fxe4 19. Qxe4 e5 20. g3 Rae8 21. gxf4 Rxf4 22. Qg6 Rxf3 23. Qh5+ Kg8 24. Qxf3 e4 25. Qg2 Re7 26. Rg6 e3 27. fxe3 Qd3 28. Rxg7+ 1-0


[Site "https://www.chess.com"]

[Event "Titled Tuesday Blitz October 5 2021"]
[White "Popadic, Dragan"]
[Black "Pastar, Slaven"]
[WhiteFideId "913650"]
[BlackFideId "14402718"]
[WhiteElo "2207"]
[BlackElo "2198"]
[Result "1-0"]
[Round "10"]
[TimeControl "180+1"]
[Date "2021.10.05"]
[WhiteClock "0:00:21"]
[BlackClock "0:00:01"]

1. e4 b6 2. d4 Bb7 3. Nc3 e6 4. Bd3 Nf6 5. Nf3 Bb4 6. Qe2 d5 7. e5 Ne4 8. O-O Nxc3 9. bxc3 Bxc3 10. Rb1 Nc6 11. Be3 Qd7 12. Ba6 Bxa6 13. Qxa6 O-O 14. Qd3 Bb4 15. Ng5 g6 16. Nf3 Be7 17. Bh6 Rfe8 18. Qe3 Rec8 19. c3 Na5 20. Qf4 Nc4 21. Bg5 Bxg5 22. Qxg5 Qd8 23. Qg4 c5 24. h4 h5 25. Qf4 Kg7 26. Ng5 Qe7 27. Rbd1 Rf8 28. Rfe1 Rac8 29. Rd3 cxd4 30. cxd4 a5 31. Rf3 a4 32. g4 hxg4 33. Qxg4 Nd2 34. Rf6 Ne4 35. Nxe6+ Kh8 36. Rxe4 dxe4 37. Nxf8 Rxf8 38. Qg5 Kh7 39. Qf4 Kg7 40. Qg5 Re8 41. h5 Rg8 42. Rxg6+ Kf8 43. Rxg8# 1-0


[Site "https://www.chess.com"]

[Event "Titled Tuesday Blitz October 5 2021"]
[White "Potapova, Margarita"]
[Black "Garcia Blanco, Omar"]
[WhiteFideId "14126869"]
[BlackFideId "2287153"]
[WhiteElo "2214"]
[BlackElo "2291"]
[Result "0-1"]
[Round "10"]
[TimeControl "180+1"]
[Date "2021.10.05"]
[WhiteClock "0:00:04"]
[BlackClock "0:00:11"]

1. c4 e5 2. g3 Nc6 3. Bg2 Bc5 4. Nc3 d6 5. Nf3 f5 6. O-O Nf6 7. a3 a5 8. e3 e4 9. Ne1 O-O 10. d4 Ba7 11. b4 Kh8 12. Bb2 Qe8 13. Nb5 Bb8 14. d5 Ne5 15. Qe2 Bd7 16. Nd4 Ba7 17. f4 exf3 18. Nexf3 Neg4 19. Rae1 axb4 20. axb4 Bb6 21. Ng5 Ra2 22. c5 dxc5 23. Nde6 Bb5 24. Qc2 Bxf1 25. Bxf1 cxb4 26. Nxf8 Nxe3 27. Qb3 Nc2+ 28. Kg2 Nxe1+ 29. Kh1 Rxb2 30. Qxb2 Qe3 31. Nh3 Qf3+ 32. Bg2 Qd1 33. Bf1 Qxd5+ 34. Bg2 Qd1 35. Bf1 Qd5+ 36. Bg2 Ne4 37. Ng5 Qd1 38. Bf1 Nd3 39. Qg2 Nef2+ 40. Kg1 Ng4+ 41. Kh1 Ngf2+ 42. Kg1 Nh3+ 43. Kh1 Ndf2+ 44. Qxf2 Nxf2+ 45. Kg2 Qd5+ 46. Nf3 Kg8 47. Ng6 hxg6 48. Be2 Ng4 49. h3 Ne5 50. h4 Nxf3 51. Bxf3 Qxf3+ 52. Kxf3 b3 53. Kf4 b2 54. Kg5 Be3+ 55. Kxg6 b1=Q 56. g4 fxg4+ 57. Kh5 Qf5# 0-1


[Site "https://www.chess.com"]

[Event "Titled Tuesday Blitz October 5 2021"]
[White "Przybylski, Wojciech"]
[Black "Gombocz, Ferenc Jr."]
[WhiteFideId "1117599"]
[BlackFideId "775029"]
[WhiteElo "2247"]
[BlackElo "1913"]
[Result "1/2-1/2"]
[Round "10"]
[TimeControl "180+1"]
[Date "2021.10.05"]
[WhiteClock "0:00:05"]
[BlackClock "0:00:09"]

1. d4 d5 2. c4 c6 3. Nf3 Nf6 4. Nc3 a6 5. b3 g6 6. e3 Bg7 7. Be2 O-O 8. O-O b5 9. Bb2 Re8 10. Ne5 Bb7 11. f4 Nbd7 12. c5 Nxe5 13. dxe5 Nd7 14. b4 a5 15. a3 axb4 16. axb4 e6 17. Bd3 h6 18. Ne2 Rxa1 19. Qxa1 Qa8 20. h4 Qxa1 21. Rxa1 Ra8 22. Rb1 Ra4 23. Bc3 f6 24. exf6 Bxf6 25. Bxg6 Bxc3 26. Nxc3 Ra3 27. Nd1 Nf6 28. Kf2 Ng4+ 29. Kf3 Nh2+ 30. Ke2 Kg7 31. Bh5 Bc8 32. Kf2 e5 33. fxe5 Ng4+ 34. Bxg4 Bxg4 35. Kg3 Bf5 36. Rb2 Kf7 37. Kf4 Ke6 38. g4 Be4 39. Nf2 Bh7 40. Nh3 Ra1 41. g5 Rf1+ 42. Rf2 Rb1 43. gxh6 Rxb4+ 44. Kg5 Re4 45. Rf6+ Ke7 46. Rxc6 Rxe5+ 47. Kf4 Re4+ 48. Kf3 Rxh4 49. Ng5 Be4+ 50. Kg3 Rh1 51. h7 b4 52. Rb6 b3 53. Rxb3 Kd7 54. Rb8 Bxh7 55. Nxh7 Kc6 56. Rb6+ Kxc5 57. Rb7 Kc6 58. Rg7 Rg1+ 59. Kf4 Rxg7 60. Ng5 Ra7 61. Nf3 Kd6 62. Nd4 Ra1 63. Nb5+ Kc5 64. Nd4 Ra4 65. Ke5 Rc4 66. Ne6+ Kc6 67. Nd4+ Kc5 68. Ne6+ Kc6 69. Nd4+ Kc5 1/2-1/2


[Site "https://www.chess.com"]

[Event "Titled Tuesday Blitz October 5 2021"]
[White "Ronka, Erik"]
[Black "Coto Mederos, Michel"]
[WhiteFideId "505080"]
[BlackFideId "3508528"]
[WhiteElo "2264"]
[BlackElo "2427"]
[Result "0-1"]
[Round "10"]
[TimeControl "180+1"]
[Date "2021.10.05"]
[WhiteClock "0:00:09"]
[BlackClock "0:00:17"]

1. e4 e5 2. Nf3 Nf6 3. Nc3 Bb4 4. Nxe5 O-O 5. Nd3 Bxc3 6. dxc3 Nxe4 7. Be2 d5 8. Nf4 c6 9. O-O Bf5 10. Be3 Nd7 11. f3 Nd6 12. Bf2 Re8 13. b3 Qf6 14. Bd4 Qh6 15. g3 Re7 16. Rf2 Rae8 17. Bf1 g5 18. Nd3 Bxd3 19. Qxd3 c5 20. Bxc5 Nxc5 21. Qxd5 Re5 22. Qd4 Nf5 23. Qb4 a5 24. Qb5 Ne3 25. f4 gxf4 26. gxf4 Qg6+ 27. Kh1 Ne4 28. Qe2 Nxf2+ 29. Qxf2 Qe4+ 30. Kg1 R5e6 0-1


[Site "https://www.chess.com"]

[Event "Titled Tuesday Blitz October 5 2021"]
[White "Rustemov, Alexander"]
[Black "Madaminov, Mukhiddin"]
[WhiteFideId "4119002"]
[BlackFideId "14210703"]
[WhiteElo "2801"]
[BlackElo "1855"]
[Result "0-1"]
[Round "10"]
[TimeControl "180+1"]
[Date "2021.10.05"]
[WhiteClock "0:00:05"]
[BlackClock "0:00:06"]

1. d4 Nf6 2. c4 e6 3. Nf3 d5 4. Nc3 Bb4 5. Bg5 Nbd7 6. cxd5 exd5 7. Rc1 h6 8. Bxf6 Qxf6 9. e3 O-O 10. Be2 c6 11. O-O Qe7 12. a3 Bd6 13. Qc2 Nf6 14. h3 Re8 15. Bd3 Ne4 16. Rce1 Bf5 17. Nd2 Nxd2 18. Qxd2 Qg5 19. Bxf5 Qxf5 20. Qe2 Re6 21. Qg4 Qxg4 22. hxg4 Rae8 23. Re2 Kh7 24. Rfe1 Rg6 25. f3 Rge6 26. Kf2 Bc7 27. Na4 Bb6 28. b4 Kg6 29. Nc5 Bxc5 30. bxc5 b5 31. cxb6 axb6 32. a4 Ra8 33. Ra1 Ra5 34. Rb2 c5 35. Rb5 cxd4 36. exd4 Rc6 37. Rxa5 bxa5 38. Ke3 Rc3+ 39. Kf4 f6 40. Rb1 Rc4 41. Ke3 Rxa4 42. Rb5 Ra2 43. g3 Ra3+ 44. Kf4 Kf7 45. Rxd5 Ke6 46. Rb5 a4 47. Ra5 Kd6 48. Ra7 g6 49. Ra6+ Ke7 50. Ke4 Ra1 51. Ra7+ Kd6 52. Ra6+ Kc7 53. Rxf6 a3 54. Ra6 Kb7 55. Ra4 a2 56. Kf4 Kc6 57. Ra8 Kd5 58. Rd8+ Kc4 59. Rc8+ Kxd4 60. Rd8+ Kc5 61. Ra8 Kd6 62. Rd8+ Ke6 63. Ra8 Kf6 64. Ra6+ Kf7 65. Ra7+ Ke6 66. Ra6+ Kd5 67. Ra8 Kd4 68. Rd8+ Kc3 69. Rc8+ Kd3 70. Rd8+ Ke2 71. Re8+ Kf2 72. Ra8 Kg2 73. Ra6 g5+ 74. Kf5 Kxf3 75. Ra3+ Kg2 76. Ra8 Rf1+ 77. Kg6 a1=Q 78. Rxa1 Rxa1 79. Kxh6 Ra5 0-1


[Site "https://www.chess.com"]

[Event "Titled Tuesday Blitz October 5 2021"]
[White "Sadhwani, Raunak"]
[Black "Krysa, Leandro"]
[WhiteFideId "35093487"]
[BlackFideId "116807"]
[WhiteElo "2517"]
[BlackElo "2490"]
[Result "1-0"]
[Round "10"]
[TimeControl "180+1"]
[Date "2021.10.05"]
[WhiteClock "0:01:28"]
[BlackClock "0:01:52"]

1. b3 c5 2. Bb2 Nc6 3. e4 d6 4. Bb5 e5 5. Bxc6+ bxc6 6. d3 f5 7. exf5 Bxf5 8. Nc3 Nf6 9. Nge2 Be7 10. Ng3 Bg6 11. h4 O-O 12. h5 Bf7 13. h6 g6 14. Qe2 Nd5 15. Nge4 Nf4 16. Qf1 d5 17. Nd2 c4 18. g3 Ne6 19. dxc4 Nd4 20. O-O-O Bg5 21. Kb1 Be6 22. Qe1 Bf5 23. Rc1 dxc4 24. Qxe5 Bxd2 25. Qg7# 1-0


[Site "https://www.chess.com"]

[Event "Titled Tuesday Blitz October 5 2021"]
[White "Sanchez, Robert"]
[Black "Swicarz, Maciej"]
[WhiteFideId "2034360"]
[BlackFideId "1113585"]
[WhiteElo "2275"]
[BlackElo "2130"]
[Result "0-1"]
[Round "10"]
[TimeControl "180+1"]
[Date "2021.10.05"]
[WhiteClock "0:01:29"]
[BlackClock "0:01:21"]

1. e4 c6 2. d4 d5 3. exd5 cxd5 4. Nf3 Nf6 5. c4 g6 6. Nc3 Bg7 7. h3 O-O 8. Be3 Nc6 9. cxd5 Nxd5 10. Nxd5 Qxd5 11. Be2 Qa5+ 12. Bd2 Qb6 13. Bc3 Nb4 14. O-O Nd5 15. Bc4 Be6 16. Bb3 Rac8 17. Rc1 Rfd8 18. Re1 Qd6 19. Ng5 Bf5 20. g4 Bh6 21. h4 Bxg5 22. gxf5 Bxc1 23. Qxc1 Nxc3 24. bxc3 Qf6 25. Qf4 Rxc3 26. Qg4 Rxd4 0-1


[Site "https://www.chess.com"]

[Event "Titled Tuesday Blitz October 5 2021"]
[White "Sarana, Alexey"]
[Black "Rasulov, Vugar"]
[WhiteFideId "24133795"]
[BlackFideId "13402390"]
[WhiteElo "2671"]
[BlackElo "2560"]
[Result "0-1"]
[Round "10"]
[TimeControl "180+1"]
[Date "2021.10.05"]
[WhiteClock "0:00:02"]
[BlackClock "0:01:01"]

1. d4 Nf6 2. c4 e6 3. Nf3 b6 4. a3 Bb7 5. Nc3 d5 6. Bg5 Be7 7. e3 O-O 8. Bd3 dxc4 9. Bxc4 Nbd7 10. O-O c5 11. Qe2 cxd4 12. Nxd4 h6 13. Bh4 Ne4 14. Nxe4 Bxe4 15. Qg4 Bxh4 16. Qxe4 Nc5 17. Qf3 Bf6 18. Nc6 Qc7 19. Nd4 Rad8 20. Rac1 Bxd4 21. exd4 Rxd4 22. b4 Ne4 23. Bd3 Ng5 24. Qe3 Qd6 25. Bb1 e5 26. Rfe1 Re8 27. f4 Ne6 28. fxe5 Qe7 29. Rf1 Qg5 30. Qf2 Rf4 31. Qc2 g6 32. Qb2 Rd8 33. Rfd1 Rfd4 34. Rxd4 Rxd4 35. Rc8+ Kg7 36. Qc1 Nf4 37. Qf1 Rd1 38. Qxd1 Qxg2# 0-1


[Site "https://www.chess.com"]

[Event "Titled Tuesday Blitz October 5 2021"]
[White "Seo, Jung Min"]
[Black "Khusnutdinov, Rustam"]
[WhiteFideId "1734687"]
[BlackFideId "13701703"]
[WhiteElo "2486"]
[BlackElo "2571"]
[Result "1/2-1/2"]
[Round "10"]
[TimeControl "180+1"]
[Date "2021.10.05"]
[WhiteClock "0:01:28"]
[BlackClock "0:00:49"]

1. e4 e5 2. Nf3 Nf6 3. Nxe5 d6 4. Nf3 Nxe4 5. d4 d5 6. Bd3 Bd6 7. O-O O-O 8. c4 c6 9. Nc3 Nxc3 10. bxc3 dxc4 11. Bxc4 Bf5 12. Re1 Nd7 13. Bg5 Qc7 14. Nh4 Bg6 15. Nxg6 hxg6 16. g3 b5 17. Bb3 Nb6 18. h4 Qd7 19. Qf3 Rae8 20. Bc2 Rxe1+ 21. Rxe1 Re8 22. Rxe8+ Qxe8 23. Qe4 Qxe4 24. Bxe4 Nd5 25. Bd2 f5 26. Bd3 Nb6 27. Kf1 Kf7 28. Ke2 Ke6 29. Bc2 c5 30. dxc5 Bxc5 31. Bb3+ Nc4 32. Bf4 Kd5 33. a4 a6 34. axb5 axb5 35. f3 Bd6 36. Bxd6 Kxd6 37. Bxc4 bxc4 38. Ke3 Ke5 39. f4+ Kd5 40. Kf3 Kc5 41. Ke3 Kd5 42. Kf3 Kc5 43. Ke3 Kd5 1/2-1/2


[Site "https://www.chess.com"]

[Event "Titled Tuesday Blitz October 5 2021"]
[White "Shkapenko, Pavel"]
[Black "Brunner, Nicolas"]
[WhiteFideId "4151933"]
[BlackFideId "620246"]
[WhiteElo "2386"]
[BlackElo "2372"]
[Result "1-0"]
[Round "10"]
[TimeControl "180+1"]
[Date "2021.10.05"]
[WhiteClock "0:00:37"]
[BlackClock "0:00:06"]

1. e4 e5 2. Nf3 Nc6 3. g3 Nf6 4. d3 d5 5. exd5 Nxd5 6. Bg2 Bd6 7. O-O O-O 8. Re1 Re8 9. Bd2 Bg4 10. Nc3 Nxc3 11. Bxc3 Qd7 12. Qd2 Rad8 13. b4 a6 14. a4 f6 15. b5 axb5 16. axb5 Ne7 17. Nh4 b6 18. Rab1 Bc5 19. Qc1 Bh3 20. Bh1 Nd5 21. Bd2 Qg4 22. Qd1 Qd4 23. Qe2 Nc3 24. Bxc3 Qxc3 25. Be4 g6 26. g4 Qd4 27. Qf3 Bxg4 28. Qxg4 Qxf2+ 29. Kh1 Kh8 30. Rf1 Qxc2 31. Nxg6+ hxg6 32. Qxg6 Re7 33. Rg1 Bxg1 34. Rxg1 Qf2 35. Qh6+ 1-0


[Site "https://www.chess.com"]

[Event "Titled Tuesday Blitz October 5 2021"]
[White "Silvestre, Christian"]
[Black "Ladan, Nicholas"]
[WhiteFideId "30956269"]
[BlackFideId "30918855"]
[WhiteElo "2487"]
[BlackElo "2397"]
[Result "1-0"]
[Round "10"]
[TimeControl "180+1"]
[Date "2021.10.05"]
[WhiteClock "0:00:46"]
[BlackClock "0:00:30"]

1. Nf3 d5 2. b3 Bg4 3. Bb2 f6 4. c4 c6 5. cxd5 cxd5 6. e3 e5 7. Be2 Nc6 8. d4 e4 9. Nfd2 Bxe2 10. Qxe2 Bd6 11. O-O Nge7 12. f3 f5 13. fxe4 fxe4 14. Qh5+ g6 15. Qh6 Nf5 16. Rxf5 gxf5 17. Qh5+ Kd7 18. Nc3 Qg8 19. Qxf5+ Qe6 20. Qxd5 Qxd5 21. Nxd5 Ke6 22. Nc3 Ne7 23. Ncxe4 Rac8 24. Nxd6 Kxd6 25. Nc4+ Ke6 26. e4 Rhd8 27. d5+ Kf7 28. Rf1+ Kg6 29. Ne5+ Kh5 30. Rf7 Rc2 31. Rxh7+ Kg5 32. Nf7+ Kg6 33. Rg7+ Kh5 34. Nxd8 Ng6 35. Rh7+ Kg5 36. Bd4 Nf4 37. Ne6+ Nxe6 38. dxe6 Kf4 39. h3 a5 40. e7 Kg3 41. Bf2+ Rxf2 42. Rg7+ 1-0


[Site "https://www.chess.com"]